 Dungeon Crawl Stone Soup version 0.31-a0-826-ga5cc291a1b (webtiles) character file.

Game seed: 5005088896234786399

14 qw the Shooter (level 2, -5/17 HPs)
             Began as a Gargoyle Hunter on Sept 23, 2023.
             Killed from afar by Sigmund (7 damage)
             ... with a puff of flame
             ... on level 1 of the Dungeon.
             The game lasted 00:00:15 (541 turns).

qw the Shooter (Gargoyle Hunter)                     Turns: 541, Time: 00:00:15

Health: -5/17      AC:  5    Str: 14    XL:     2   Next: 45%
Magic:  2/2        EV: 11    Int:  9    God:
Gold:   32         SH:  0    Dex: 13    Spells: 1/1 levels left

rFire   . . .        Y - +2 shortbow (drain)
rCold   . . .        (shield currently unavailable)
rNeg    + . .        c - +0 leather armour
rPois   inf          (no helmet)
rElec   +            (no cloak)
rCorr   .            (no gloves)
SInv    .            (no boots)
Will    .....        (no amulet)
Stlth   +            (no ring)
HPRegen 0.22/turn    (no ring)
MPRegen 0.08/turn

%: no passive effects
@: flying
A: sickness immunity, AC +2, negative energy resistance 1, electricity
resistance, torment resistance 1, petrification resistance, big wings
a: no special abilities


You were on level 1 of the Dungeon.
You visited 1 branch of the dungeon, and saw 2 of its levels.

You collected 32 gold pieces.


Innate Abilities, Weirdness & Mutations

You are immune to sickness and miasma.
Your stone body is resilient. (AC +2)
You are immune to poison.
You resist negative energy. (rN+)
You are resistant to electric shocks. (rElec)
You are resistant to unholy torment.
You are immune to petrification.
Your large and strong wings let you fly.


   Skills:
 - Level 2.1 Fighting
 + Level 4.6 Ranged Weapons
 - Level 1.5 Dodging
 - Level 1.1 Stealth


You had one spell level left.
You didn't know any spells.
Your spell library was empty.

Inventory:

Hand Weapons
 Y - a +2 shortbow of draining (weapon)
Armour
 c - a +0 leather armour (worn)
Scrolls
 h - a scroll of identify
Potions
 f - a potion of curing
 g - 2 potions of mutation
 i - a potion of haste {unknown}

Dungeon Overview and Level Annotations

Branches:
Dungeon (2/15)

Altars:

Annotations:
D:1 Sigmund


Message History

Sigmund shouts!
Sigmund is lightly wounded.
You hear a shout!
The goblin shouts!
The goblin unwields a +0 dagger.
The goblin wields a +0 sling.
The goblin shoots a sling bullet.
The sling bullet hits you.
An endoplasm comes into view.
A kobold comes into view. It is wielding a +0 short sword.
Sigmund barely misses you.
529 ||| STAIRDANCE You fly upwards.
There is a stone staircase leading down here.
You shoot an arrow. The arrow hits Sigmund.
You drain Sigmund.
Sigmund is moderately wounded.
Sigmund closely misses you.
You shoot an arrow. The arrow barely misses Sigmund.
Sigmund barely misses you.
You shoot an arrow. The arrow barely misses Sigmund.
Sigmund gestures wildly while chanting.
Sigmund flickers and vanishes!
Deactivating autopickup; reactivate with Ctrl-A.
You shoot an arrow. Something hits you.
You shoot an arrow. Something hits you but does no damage.
You shoot an arrow. You shoot an arrow.
You hear some strange, mumbled words.
A magic dart appears from out of thin air!
The magic dart hits you. Something hits you!
Ouch! That really hurt!
You shoot an arrow. You shoot an arrow. Something hits you but does no damage.
You shoot an arrow. Something hits you but does no damage.
You shoot an arrow.
You hear some strange, mumbled words.
A puff of flame appears from out of thin air!
The puff of flame hits you!
You die...

#### #.~~~~.~~~~~..########
...###.~~~~.~~~~~...##....#
....#..~~~~.~~~~~...##....#
.}..#...............##....#
....#.####..........##....#
....#...............##....#
....#######........###....#
....# #.......)..####..#
...#######.....{@...# #..#
........##..........####..#
#..####...................##
##.# ####.................#
#.# #...........)........#
#.# #.####......##.......#
#.## #.# ###.............#
#..###.#####...>###.......#
##.##.........### #.......#


There were no monsters in sight!

Vanquished Creatures
  3 bats (D:1)
  A giant cockroach (D:1)
  2 goblins (D:1)
  2 frilled lizards (D:1)
  4 kobolds (D:1)
  2 rats (D:1)
14 creatures vanquished.

Notes
Turn   | Place    | Note
-------+----------+-------------------------------------------
     0 | D:1      | qw the Gargoyle Hunter began the quest for the Orb.
     0 | D:1      | Reached XP level 1. HP: 12/12 MP: 1/1
     0 | D:1      | 0 ||| qw: Version: 0.3-a-83-gcd0e7d8
     0 | D:1      | 0 ||| qw: Game counter: 1854
     0 | D:1      | 0 ||| qw: Melee chars always use a shield: true
     0 | D:1      | 0 ||| qw: God list: Okawaru
     0 | D:1      | 0 ||| qw: Allow faded altars: false
     0 | D:1      | 0 ||| qw: Do Orc after clearing Dungeon:15 true
     0 | D:1      | 0 ||| qw: Do second Lair branch before Depths: true
     0 | D:1      | 0 ||| qw: Lair rune preference: random
     0 | D:1      | 0 ||| qw: Goals: Normal
     0 | D:1      | 0 ||| PLANNING D:1-11
   157 | D:1      | Reached XP level 2. HP: 17/17 MP: 2/2
   494 | D:1      | 494 ||| READING 2 scrolls labelled WIPUM NAPHO.
   495 | D:1      | 495 ||| READING scroll of enchant weapon.
   495 | D:1      | 495 ||| ENCHANTING +1 shortbow.
   496 | D:1      | 496 ||| READING scroll labelled QEULAM MIYMM.
   506 | D:1      | 506 ||| READING 2 scrolls labelled CUTEKHAH RUYXO.
   507 | D:1      | 507 ||| READING scroll labelled SIHOM IPLIDEUM.
   508 | D:1      | 508 ||| READING 2 scrolls labelled JIECRICHYO.
   509 | D:1      | 509 ||| READING scroll labelled QERHOURGHOY.
   513 | D:1      | 513 ||| DRINKING 2 red potions.
   514 | D:1      | 514 ||| DRINKING 3 glowing white potions.
   514 | D:1      | Gained mutation: Your large and strong wings let you fly.
                  | [potion of mutation]
   515 | D:1      | 515 ||| DROPPING scroll of butterflies.
   516 | D:1      | 516 ||| DROPPING scroll of immolation.
   527 | D:2      | Noticed Sigmund
   529 | D:2      | 529 ||| STAIRDANCE
   537 | D:1      | HP: 1/17 [something (11)]
   541 | D:1      | Killed from afar by Sigmund

Levels and vault maps discovered:
D:1:      wander_arrival_desolate, layout_rooms, minivault_14,
          hangedman_decor_riveting
D:2:      layout_basic, dreamdust_ecumenical_altar_sealed_demon,
          kennysheep_generic_room_9, uniq_sigmund, uniq_robin, uniq_natasha

Action                     || total
---------------------------++-------
   Fire: Shortbow          ||    44
    Use: Scroll            ||     7
         Potion            ||     2
 Armour: Leather armour    ||    18
  Dodge: Dodged            ||    10

Table legend:
 A = Non-vault XP
 B = Vault XP
 C = Vault XP percentage of total XP
 D = Non-vault monster count
 E = Vault monster count
 F = Vault count percentage of total count
                 A         B        C        D         E       F
            +---------+---------+-------+---------+---------+-------
      Total |      21 |       0 |   0.0 |      14 |       0 |   0.0
            +---------+---------+-------+---------+---------+-------
        D:1 |      21 |       0 |   0.0 |      14 |       0 |   0.0
            +---------+---------+-------+---------+---------+-------
